 Dungeon Crawl Stone Soup version 0.29.1-14-g9c671dbff4 (webtiles) character file.

Game seed: 3863705778357426246

14 Descartes the Shield-Bearer (level 2, -4/24 HPs)
             Began as a Formicid Fighter on Feb 18, 2023.
             Slain by a gnoll
             ... wielding a +2 flail of holy wrath
              (6 damage)
             ... on level 1 of the Dungeon on Feb 19, 2023.
             The game lasted 00:01:38 (618 turns).

Descartes the Shield-Bearer (Formicid Fighter)       Turns: 618, Time: 00:01:38

Health: -4/24      AC:  6    Str: 20    XL:     2   Next: 55%
Magic:  2/2        EV:  9    Int:  7    God:
Gold:   18         SH:  5    Dex: 13    Spells: 1/1 levels left

rFire   . . .      SeeInvis +   a - +0 war axe
rCold   . . .      Faith    .   c - +0 buckler
rNeg    . . .      Spirit   .   b - +0 scale mail
rPois   .          Reflect  .   (helmet unavailable)
rElec   .          Harm     .   (no cloak)
rCorr   .          Rampage  .   (no gloves)
Will    .....                   (no boots)
Stlth   ..........              (no amulet)
HPRegen 0.08/turn               (no ring)
MPRegen 0.08/turn               (no ring)

@: brilliant
A: permanent stasis, dig shafts and tunnels, antennae 3, four strong arms
a: Dig, Shaft Self


You were on level 1 of the Dungeon.
You visited 1 branch of the dungeon, and saw 1 of its levels.

You collected 18 gold pieces.

Inventory:

Hand Weapons
 a - a +0 war axe (weapon)
Armour
 b - a +0 scale mail (worn)
 c - a +0 buckler (worn)
Scrolls
 e - a scroll of fear {unknown}
 h - a scroll of butterflies {unknown}
Potions
 d - a potion of might
 g - a potion of heal wounds {unknown}


   Skills:
 + Level 3.5 Fighting
 + Level 2.2 Axes
 + Level 3.5 Armour
 + Level 4.2 Shields


You had one spell level left.
You didn't know any spells.
Your spell library was empty.

Dungeon Overview and Level Annotations

Branches:
Dungeon (1/15)

Altars:


Innate Abilities, Weirdness & Mutations

You cannot be hasted, slowed, berserked, paralysed or teleported.
You can dig through walls and to a lower floor.
You have a pair of large antennae on your head. (SInv)
Your four strong arms can wield two-handed weapons with a shield.


Message History

You hit the ball python.
You kill the ball python!
No target in view!
No target in view!
No target in view!
No target in view!
No target in view!
No target in view!
No target in view!
No target in view!
No target in view!
No target in view!
g - a metallic golden potion
h - a scroll labelled ACOENOCHYV You sense a monster nearby.
A ball python and a gnoll come into view.
The gnoll is wielding a +2 flail of holy wrath.
The ball python hisses angrily.
The gnoll shouts!
You hit the gnoll.
The gnoll is moderately wounded.
The gnoll hits you with a +2 flail of holy wrath! x2
* * * LOW HITPOINT WARNING * * *
You are too injured to fight recklessly!
You are too injured to fight recklessly!
You are too injured to fight recklessly!
You are too injured to fight recklessly!
You are too injured to fight recklessly!
You are too injured to fight recklessly!
You are too injured to fight recklessly!
You are too injured to fight recklessly!
Unknown command.
The gnoll attacks as you move away! The gnoll closely misses you.
The gnoll attacks as you move away! The gnoll barely misses you.
The gnoll attacks as you move away! You block the gnoll's attack.
The gnoll hits you with a +2 flail of holy wrath.
* * * LOW HITPOINT WARNING * * *
It was a potion of brilliance.
You feel clever all of a sudden.
The gnoll hits you with a +2 flail of holy wrath.
You die...

###...## #................
######...# #......#########.
#....#.#.## #......# ####
#.##.#.#..## #......# #..
#.##.#.##..####......# #.#
###.#.......)...#......###.######
..#.#..#........S...##...........
#)#.#..######.##g########........
#.#.#..#......##@######...#######
#.#.#..#.#.#..........#.#†#
#.#.#..#...#..............#
#.#........#......###.#...#
#.#....................>..#
..#....###.#.###########..#
.#####†# #.#.....# #..# ## #.#
#.#.....# #..# # #.# #.#.....#
#..#


You could see a gnoll and a ball python.

Vanquished Creatures
  A goblin (D:1)
  2 hobgoblins (D:1)
  2 quokkas (D:1)
  A ball python (D:1)
  4 bats (D:1)
  A kobold (D:1)
  2 rats (D:1)
13 creatures vanquished.

Vanquished Creatures (others)
  A plant (D:1)
1 creature vanquished.

Grand Total: 14 creatures vanquished

Notes
Turn   | Place    | Note
-------+----------+-------------------------------------------
     0 | D:1      | Descartes the Formicid Fighter began the quest for the Orb.
     0 | D:1      | Reached XP level 1. HP: 18/18 MP: 1/1
   159 | D:1      | Reached XP level 2. HP: 23/24 MP: 2/2
   502 | D:1      | Found a faded altar of an unknown god.
   618 | D:1      | Slain by a gnoll

Illustrated notes

Levels and vault maps discovered:
D:1:      dpeg_arrival_lava_altar, layout_basic, shapermc_ecumenical_altar_petra

Action                   || total
-------------------------++-------
Melee: War axe           ||    40
  Use: Potion            ||     1
Armor: Scale mail        ||    12
Dodge: Dodged            ||    31
Block: Buckler           ||    11
